 Dungeon Crawl Stone Soup version 0.23-a0-629-gae4348f (webtiles) character file.

422 galech the Chopper (level 6, -3/48 HPs)
             Began as a Demonspawn Fighter on Dec 26, 2018.
             Slain by an ogre
             ... wielding a +0 giant club
              (17 damage)
             ... on level 5 of the Dungeon.
             The game lasted 00:05:24 (3988 turns).

galech the Chopper (Demonspawn Fighter)             Turns: 3988, Time: 00:05:25

Health: -3/48      AC: 14    Str: 16    XL:     6   Next: 63%
Magic:  0/6        EV:  7    Int:  9    God:
Gold:   143        SH:  0    Dex: 15    Spells: 5/5 levels left

rFire    + . .     SeeInvis .   a - +0 war axe
rCold    . . .     Gourm    .   c - +0 shield
rNeg     . . .     Faith    .   b - +0 scale mail
rPois    .         Spirit   +   j - +1 hat
rElec    .         Reflect  .   (no cloak)
rCorr    .         Harm     .   z - +1 pair of gloves
MR       .....                  (no boots)
Stlth    ..........             (no amulet)
HPRegen  0.16/turn              r - ring of protection from fire
MPRegen  0.10/turn              u - +4 ring of protection

@: confused
A: antennae 2, magic shield
a: no special abilities


You were on level 5 of the Dungeon.
You were not hungry.

You visited 1 branch of the dungeon, and saw 5 of its levels.

You collected 143 gold pieces.

Inventory:

Hand Weapons
 a - a +0 war axe (weapon)
Armour
 b - a +0 scale mail (worn)
 c - a +0 shield (worn)
 j - a +1 hat (worn)
 z - a +1 pair of gloves (worn)
Jewellery
 r - a ring of protection from fire (left hand)
 u - a +4 ring of protection (right hand)
Wands
 A - a wand of polymorph (3)
Scrolls
 e - 4 scrolls of teleportation
 l - a scroll of fog {unknown}
 m - a scroll of immolation
 n - a scroll of fear {unknown}
 p - a scroll of blinking {unknown}
 q - 4 scrolls of identify
 s - 5 scrolls of enchant armour {unknown}
 v - 2 scrolls of random uselessness {unknown}
 w - 5 scrolls of remove curse
 x - a scroll of enchant weapon {unknown}
 y - 2 scrolls of amnesia {unknown}
 C - a scroll of noise {unknown}
Potions
 d - a potion of might
 g - 2 potions of resistance {unknown}
 h - a potion of agility {unknown}
 i - a potion of curing {unknown}
 k - a potion of flight {unknown}
 o - a potion of lignification {unknown}
 t - a potion of degeneration {unknown}
Comestibles
 f - 8 rations


   Skills:
 + Level 3.7 Fighting
 + Level 4.6 Axes
 + Level 3.8 Armour
 + Level 1.0 Dodging
 + Level 3.8 Shields


You had 5 spell levels left.
You didn't know any spells.
Your spell library contained the following spells:

 Spells                   Type           Power        Failure   Level  Hunger
 Magic Dart               Conj           #...         99%         1    ##.....
 Blink                    Tloc           N/A          100%        2    ###....
 Call Imp                 Summ           #.......     100%        2    ###....
 Slow                     Hex            #.......     100%        2    ###....
 Conjure Flame            Conj/Fire      #.......     100%        3    ####...
 Mephitic Cloud           Conj/Pois/Air  #.......     100%        3    ####...


Dungeon Overview and Level Annotations

Branches:
Dungeon (5/15)
 Temple: D:4-7

Altars:
Nemelex Xobeh

Annotations:
D:4 1 runed door, Killmatronix's ghost, amateur DgHu


Innate Abilities, Weirdness & Mutations

You have a pair of antennae on your head.
When hurt, damage is shared between your health and your magic reserves.


Message History

An orc comes into view. It is wielding a -1 flail.
Found a hand axe.
An orc comes into view. It is wielding a +0 hand axe.
The orc shouts! x2
An orc comes into view. It is wielding a +0 short sword.
The ogre hits you with a +0 giant club!!
An orc wizard comes into view. It is wielding a +0 dagger.
Found 4 needles of confusion.
Things that are here:
a +0 shortbow; 22 arrows The orc wizard casts a spell at you.
You are confused.
The ogre hits you with a +0 giant club!
* * * LOW HITPOINT WARNING * * *
You see here an arrow.
The orc hits you but does no damage.
Things that are here:
a +0 hand axe; a +0 chain mail The ogre hits you with a +0 giant club!!
You die...

#...###.#..........
#....#.............
#....#..............
##.>.....#.#.#........
#.......####...........
###.#..####...........$.
###..##................
##.....)..............
##..@Oo..............
####o)..............
#...o............
##........$.....
#...o...........
###.##.....#...
#.###...## ###
##.......# #........#


You could see an ogre, an orc wizard and 3 orcs.

Vanquished Creatures
  A centaur (D:5)
  A jelly (D:5)
  3 worker ants
  12 adders
  2 oozes
  A worm (D:2)
  3 dart slugs
  3 leopard geckos
  18 orcs
  A ball python (D:4)
  11 bats
  3 giant cockroaches
  8 goblins
  4 hobgoblins
  9 jackals
  2 quokkas
  4 frilled lizards
  A jackal skeleton (D:5)
  5 kobolds
  A quokka skeleton (D:5)
  11 rats
104 creatures vanquished.

Notes
Turn   | Place    | Note
-------+----------+-------------------------------------------
     0 | D:1      | galech the Demonspawn Fighter began the quest for the Orb.
     0 | D:1      | Reached XP level 1. HP: 18/18 MP: 1/1
   206 | D:1      | Gained mutation: You have a pair of small antennae on your
                  | head. [demonic ancestry]
   206 | D:1      | Reached XP level 2. HP: 22/24 MP: 2/2
   402 | D:1      | Reached skill level 2 in Axes
   556 | D:1      | Reached XP level 3. HP: 29/29 MP: 3/3
  1007 | D:2      | Reached XP level 4. HP: 33/35 MP: 4/4
  1720 | D:2      | Reached skill level 3 in Axes
  2023 | D:3      | Gained mutation: When hurt, damage is shared between your
                  | health and your magic reserves. [demonic ancestry]
  2023 | D:3      | Reached XP level 5. HP: 41/41 MP: 5/5
  2419 | D:3      | Found a sparkling altar of Nemelex Xobeh.
  3015 | D:4      | Gained mutation: You have a pair of antennae on your head.
                  | [demonic ancestry]
  3015 | D:4      | Reached XP level 6. HP: 37/47 MP: 6/6
  3349 | D:4      | Reached skill level 4 in Axes
  3591 | D:4      | Found a runed door.
  3594 | D:4      | Noticed Killmatronix's ghost (amateur DgHu)
  3655 | D:5      | Entered Level 5 of the Dungeon
  3704 | D:5      | Reached skill level 1 in Dodging
  3988 | D:5      | Slain by an ogre

Vault maps used:
D:1:      dpeg_arrival_rooms_c
D:2:      kennysheep_big_flooded_room
D:3:      first_ration, nemelex_spade_bored_becter
D:4:      ebering_ghost_inner_flame
D:5:      grunt_dithmenos_smoke_and_mirrors, uniq_menkaure, uniq_pikel

Skill      XL: |  1  2  3  4  5  6 |
---------------+-------------------+-----
Armour         | 3 |  3.8
Axes           | 2 3 4 |  4.6
Shields        | 3 |  3.8
Dodging        | 1 |  1.0
Fighting       | |  3.7

Action                   |  1- 3 |  4- 6 || total
-------------------------+-------+-------++-------
Melee: War axe           |   125 |   202 ||   327
       Hand axe          |     2 |       ||     2
  Use: Scroll            |     3 |       ||     3
  Eat: Chunk             |     1 |     9 ||    10
Armor: Scale mail        |    65 |    91 ||   156
Dodge: Dodged            |    65 |    79 ||   144
Block: Shield            |    77 |   118 ||   195

Table legend:
 A = Non-vault XP
 B = Vault XP
 C = Vault XP percentage of total XP
 D = Non-vault monster count
 E = Vault monster count
 F = Vault count percentage of total count
                 A         B        C        D         E       F
            +---------+---------+-------+---------+---------+-------
      Total |     596 |       7 |   1.2 |     102 |       2 |   1.9
            +---------+---------+-------+---------+---------+-------
        D:1 |      52 |       0 |   0.0 |      28 |       0 |   0.0
        D:2 |      98 |       7 |   6.7 |      19 |       2 |   9.5
        D:3 |     122 |       0 |   0.0 |      28 |       0 |   0.0
        D:4 |     122 |       0 |   0.0 |      16 |       0 |   0.0
        D:5 |     202 |       0 |   0.0 |      11 |       0 |   0.0
            +---------+---------+-------+---------+---------+-------
